 Dungeon Crawl Stone Soup version 0.28-a0-751-gef3a642a4e (webtiles) character file.

Game seed: 12929504716253081512

0 spiderkeys the Skirmisher (level 1, -3/14 HPs)
             Began as a Gargoyle Abyssal Knight on Oct 31, 2021.
             Was a Follower of Lugonu.
             Killed by divine providence
             ... invoked by a smoke demon
              (12 damage)
             ... on level 2 of the Abyss.
             The game lasted 00:00:33 (89 turns).

spiderkeys the Skirmisher (Gargoyle Abyssal Knight)   Turns: 89, Time: 00:00:34

Health: -3/14      AC:  5    Str: 16    XL:     1   Next: 0%
Magic:  2/2        EV: 11    Int: 10    God:    Lugonu [*.....]
Gold:   79         SH:  0    Dex: 10    Spells: 0/0 levels left

rFire   . . .      SeeInvis .   g - +0 flail
rCold   . . .      Faith    .   (no shield)
rNeg    + . .      Spirit   .   b - +0 leather armour
rPois   ∞          Reflect  .   (no helmet)
rElec   +          Harm     .   (no cloak)
rCorr   .          Rampage  .   (no gloves)
Will    .....                   (no boots)
Stlth   +.........              (no amulet)
HPRegen 0.04/turn               (no ring)
MPRegen 0.08/turn               (no ring)

@: no status effects
A: sickness immunity, AC +2, negative energy resistance 1, electricity
resistance, torment resistance 1, petrification resistance
a: Renounce Religion, Depart the Abyss


You were on level 2 of the Abyss.
You worshipped Lugonu.
Lugonu was aware of your devotion.
You visited 0 branches of the dungeon, and saw 0 of its levels.
You visited the Abyss 1 time.

You collected 79 gold pieces.


Innate Abilities, Weirdness & Mutations

You are immune to sickness and miasma.
Your stone body is resilient. (AC +2)
You are immune to poison.
You resist negative energy. (rN+)
You are resistant to electric shocks. (rElec)
You are resistant to unholy torment.
You are immune to petrification.


   Skills:
 + Level 3.2 Fighting
 + Level 2.0 Maces & Flails
 + Level 2.1 Armour
 + Level 0.7 Dodging
 + Level 2.0 Invocations


You couldn't memorise any spells.
You didn't know any spells.
Your spell library was empty.

Inventory:

Hand Weapons
 a - a +1 mace
 g - a +0 flail (weapon)
   (You found it on level 2 of the Abyss)
Missiles
 c - 36 bolts
Armour
 b - a +0 leather armour (worn)
Potions
 d - 2 potions of invisibility {unknown}
 e - a potion of mutation {unknown}
 f - a potion of ambrosia {unknown}

Dungeon Overview and Level Annotations

Branches:
Dungeon (0/15)

Altars:

.###
#......#....
....# #.#.
..##..##
#X...#.##...##.
. ..##.
.##....#...###
≈≈...#
#.##)##.###
........3>##.#.#
≈#.##.!###.##..#
...3. #.X#.##
≈..#.#. #..@#.
###.#.3 ##.(..#
..# .. #.......#
... .#.
#.#######.# #.
### #. # . #


You could see a thrashing horror and a smoke demon.


Message History

🤖 Initializing magus.rc ... ✅ Successfully initialized magus.rc [v1.9.10] Welcome, spiderkeys the Gargoyle Abyssal Knight.
Countless adventurers have entered the dungeon seeking the Orb of Zot, but there's always room for one more...
Lugonu says: Depart the Abyss and spread corruption, my servant! (use the ability menu to exit the Abyss) Press ? for a list of commands and other information.
Found a corrupted altar of Lugonu.
Found a gateway leading out of the Abyss.
c - 15 bolts
Found a gateway leading deeper into the Abyss.
There is a gateway leading deeper into the Abyss here.
A small abomination comes into view.
A small abomination comes into view.
You see here 11 gold pieces.
The small abomination hits you but does no damage.
The small abomination closely misses you.
There is a gateway leading deeper into the Abyss here.
The small abomination closely misses you.
You plunge deeper into the Abyss.
c - 36 bolts (gained 21)
d - 2 pink potions You now have 51 gold pieces.
e - a yellow potion
f - a bubbling silvery potion You see here a +0 flail.
g - a +0 flail
Okay, then.
g - a +0 flail (weapon)
Unknown command.
You now have 79 gold pieces (gained 28).
Unknown command.
Found a scroll labelled WIMAFF MAOKUR and 14 poisoned darts.
Found a gateway leading deeper into the Abyss.
A smoke demon and a thrashing horror come into view.
The thrashing horror roars!
The smoke demon roars!
Unknown command.
There is a gateway leading deeper into the Abyss here.
The thrashing horror tramples you but does no damage.
The thrashing horror misses you.
The thrashing horror roars!
The thrashing horror tramples you.
You hold your ground!
The thrashing horror tramples you but does no damage.
The smoke demon gestures at you. Something smites you!
Ouch! That really hurt!
You die...

Action                   || total
-------------------------++-------
Armor: Leather armour    ||     3
Dodge: Dodged            ||     3

Levels and vault maps discovered:
Abyss:2:  base:
Temple

Notes
Turn   | Place    | Note
-------+----------+-------------------------------------------
     0 | Abyss:1  | spiderkeys the Gargoyle Abyssal Knight began the quest for
                  | the Orb.
     0 | Abyss:1  | Reached XP level 1. HP: 14/14 MP: 2/2
     0 | Abyss:1  | magus.rc [v1.9.10]
    29 | Abyss:1  | Noticed a small abomination
    31 | Abyss:1  | Noticed a small abomination
    84 | Abyss:2  | Noticed a thrashing horror
    84 | Abyss:2  | Noticed a smoke demon
    89 | Abyss:2  | Killed from afar by a smoke demon

Vanquished Creatures (others)
  2 plants (Abyss:1)
2 creatures vanquished.

Table legend:
 A = Non-vault XP
 B = Vault XP
 C = Vault XP percentage of total XP
 D = Non-vault monster count
 E = Vault monster count
 F = Vault count percentage of total count
                 A         B        C        D         E       F
            +---------+---------+-------+---------+---------+-------
      Total |       0 |       0 |   N/A |       0 |       0 |  -nan
            +---------+---------+-------+---------+---------+-------
            +---------+---------+-------+---------+---------+-------

Illustrated notes

Table legend: (Time is in decaauts)
 A = Elapsed time spent in this place.
 B = Non-inter-level travel time spent in this place.
 C = Inter-level travel time spent in this place.
 D = Time resting spent in this place.
 E = Time spent auto-exploring this place.
 F = Levels seen in this place.
 G = Mean time per level.
                   A        B        C        D        E       F      G
               +--------+--------+--------+--------+--------+-----+--------+
         Total |     88 |     88 |      0 |      0 |     18 |   2 |   44.0 |
         Abyss |     88 |     88 |      0 |      0 |     18 |   2 |   44.0 |
               +--------+--------+--------+--------+--------+-----+--------+

Top non-repeatable levels by time:
 Abyss:2: 49 daAuts
 Abyss:1: 39 daAuts
